 Dungeon Crawl Stone Soup version 0.28.0 (webtiles) character file.

Game seed: 12944939929628715882

10714 raph the Spear-Bearer (level 11, 0/84 HPs)
             Began as a Merfolk Ice Elementalist on Feb 11, 2022.
             Was an Initiate of Gozag.
             Slain by an orc knight (9 damage)
             ... on level 10 of the Dungeon.
             The game lasted 00:25:32 (17373 turns).

raph the Spear-Bearer (Merfolk Ice Elementalist)   Turns: 17373, Time: 00:25:32

Health: 0/84       AC: 19    Str:  8    XL:     11   Next: 66%
Magic:  9/16       EV: 14    Int: 18    God:    Gozag
Gold:   1051       SH:  0    Dex: 16    Spells: 3/16 levels left

rFire   . . .      SeeInvis .   a - +1 bardiche
rCold   . . .      Faith    .   (shield currently unavailable)
rNeg    . . .      Spirit   .   D - +0 swamp dragon scales
rPois   +          Reflect  .   A - +2 hat
rElec   .          Harm     .   e - +2 cloak
rCorr   +          Rampage  .   v - +0 pair of gloves
Will    .....                   s - +0 pair of boots
Stlth   ++........              (no amulet)
HPRegen 0.24/turn               y - ring of resist corrosion
MPRegen 0.15/turn               (no ring)

@: ice-armoured, gold aura
A: (nimble swimmer 2), mertail
a: Renounce Religion, Potion Petition, Call Merchant, Bribe Branch


You were on level 10 of the Dungeon.
You worshipped Gozag.
Gozag was most pleased with you.
You visited 1 branch of the dungeon, and saw 10 of its levels.

You collected 1941 gold pieces.
You spent 360 gold pieces at shops.
You paid 530 gold pieces to Gozag.

Inventory:

Hand Weapons
 a - a +1 bardiche (weapon)
 b - a +0 short sword
 g - a +0 spear
 p - a +0 halberd
 C - a +2 glaive of pain
 H - a +3 trident
Missiles
 d - 22 poisoned darts
 x - 4 throwing nets
 F - 5 javelins
Armour
 e - a +2 cloak (worn)
 m - a +0 robe
 s - a +0 pair of boots (worn)
 v - a +0 pair of gloves (worn)
 A - a +2 hat (worn)
 B - the +7 ring mail of Ipapnun {rElec SInv}
   (You took it off a wight on level 7 of the Dungeon)

   rElec:     It insulates you from electricity.
   SInv:      It lets you see invisible.
 D - +0 swamp dragon scales (worn)
Magical Staves
 k - a staff of cold
Jewellery
 n - a ring of flight
 t - a ring of fire
 y - a ring of resist corrosion (left hand)
Wands
 h - a wand of digging (10)
 r - a wand of flame (21)
Scrolls
 l - 6 scrolls of teleportation
 u - a scroll of torment
 E - 3 scrolls of magic mapping
 G - a scroll of summoning
Potions
 c - 10 potions of curing
 f - 3 potions of mutation
 i - 3 potions of flight
 j - 4 potions of lignification
 o - 5 potions of heal wounds
 q - 3 potions of brilliance
 w - 2 potions of might
 z - a potion of resistance
 I - a potion of magic


   Skills:
 + Level 7.3 Fighting
 * Level 12.9 Polearms
 + Level 2.8 Armour
 + Level 9.4 Dodging
 - Level 4.3 Stealth
 - Level 3.3 Spellcasting
 + Level 5.2 Conjurations
 + Level 10.2 Ice Magic
 + Level 2.0 Poison Magic


You had 3 spell levels left.
You knew the following spells:

 Your Spells              Type           Power      Damage    Failure   Level
a - Freeze                Ice            100%       1d11      1%          1
b - Frozen Ramparts       Ice            78%        1d9       1%          3
c - Ozocubu's Armour      Ice            39%        N/A       1%          3
d - Hailstorm             Conj/Ice       30%        3d8       19%         4
e - Poisonous Vapours     Pois/Air       12%        N/A       41%         2

Your spell library contained the following spells:

 Spells                   Type           Power      Damage    Failure   Level
 Animate Skeleton         Necr           6%         N/A       41%         1
 Pain                     Necr           12%        1d4       41%         1
 Corpse Rot               Necr/Air       6%         N/A       56%         2
 Sublimation of Blood     Necr           3%         N/A       56%         2
 Vampiric Draining        Necr           3%         2d6       80%         3
 Petrify                  Tmut/Erth      3%         N/A       99%         4
 Irradiate                Conj/Tmut      6%         3d15      99%         5
 Dispersal                Tloc           1%         N/A       100%        6
 Disjunction              Tloc           1%         N/A       100%        8


Dungeon Overview and Level Annotations

Branches:
Dungeon (10/15)            Temple (0/1) D:7            Lair (0/6) D:10
    Orc: D:9-12

Altars:
Cheibriados
Gozag
Makhleb
Trog
Vehumet
Yredelemnul
Jiyva

Shops:
D:7 !

Annotations:
D:3 exclusion: statue


Innate Abilities, Weirdness & Mutations

((You are very nimble when in or above water. (Stealth+, EV+, Speed+++)))
Your lower body shifts to a powerful aquatic tail in water.


Message History

The wall freezes the orc knight.
The orc knight roars a battlecry!
The orc wizard goes into a battle-frenzy!
The wall freezes the orc warrior!
Your magical contamination has completely faded away.
You hit the orc warrior but do no damage.
The orc warrior is heavily wounded.
The wall freezes the orc knight.
The orc knight hits you but does no damage.
The wall freezes the orc wizard.
You kill the orc wizard!
The wall freezes the orc knight.
The orc knight hits you with a +0 dire flail!
Your Poison Magic skill increases to level 2!
You hit the orc warrior but do no damage.
The orc warrior is heavily wounded.
The wall freezes the orc warrior.
The orc warrior hits you but does no damage.
The wall freezes the orc knight!
The orc knight barely misses you.
The wall freezes the orc warrior.
The orc warrior closely misses you.
You closely miss the orc warrior.
The orc warrior is almost dead.
The wall freezes the orc knight!
The orc knight closely misses you.
The wall freezes the orc warrior.
The orc warrior misses you.
You slash the orc warrior!
You kill the orc warrior!
The frozen ramparts melt away.
The orc knight hits you with a +0 dire flail!! x2
* * * LOW HITPOINT WARNING * * *
You are too injured to fight recklessly!
You are too injured to fight recklessly!
You are too injured to fight recklessly!
You are too injured to fight recklessly!
You are too injured to fight recklessly!
You are too injured to fight recklessly!
You closely miss the orc knight.
The orc knight is heavily wounded.
The orc knight hits you with a +0 dire flail!
You die...
Your body crumbles into a pile of gold.

## ### #. ..# #. #.#
###.##.# ......# #....#
############...######
#.........@o$.$.....#
#.#########$..#####.# #.#
........... #.#
#####.####.# #.# #..
#.#.#.... #.# ####
##.#.#.#. #.# .......
#.######## #.#.#.###
#........##########.#.#.#<#


You could see an orc knight.

Vanquished Creatures
  Harold (D:8)
  A death yak (D:10)
  2 two-headed ogres
  Pikel (D:5)
  Maurice (D:8)
  Maggie (D:8)
  An unseen horror (D:9)
  A komodo dragon (D:10)
  Psyche (D:8)
  A kobold demonologist (D:10)
  A troll (D:9)
  Prince Ribbit (D:6)
  A wyvern (D:4)
  A wraith (D:10)
  5 yaks (D:10)
  4 hogs (D:7)
  A human (D:7)
  A steam dragon (D:9)
  Menkaure (D:6)
  5 water moccasins
  4 orc warriors
  2 sky beasts
  A black bear (D:5)
  4 ogres
  7 centaurs
  A necrophage (D:7)
  A lemure (D:5)
  A gnoll sergeant (D:8)
  5 scorpions
  A wyvern zombie (D:5)
  A wyvern skeleton (D:7)
  5 wights (D:7)
  2 howler monkeys (D:7)
  A bullfrog zombie (D:5)
  Crazy Yiuf (D:2)
  A gnoll shaman (D:7)
  8 jellies
  6 orc priests
  A bullfrog skeleton (D:6)
  6 iguanas
  2 orc wizards
  A killer bee zombie (D:5)
  12 gnolls
  5 adders
  An ufetubus (D:5)
  4 worms
  A dart slug (D:1)
  16 orcs
  6 ball pythons
  3 bats
  3 endoplasms
  6 hobgoblins
  8 jackals
  5 quokkas
  2 frilled lizards
  5 goblins
  9 kobolds
  3 rats
183 creatures vanquished.

Notes
Turn   | Place    | Note
-------+----------+-------------------------------------------
     0 | D:1      | raph the Merfolk Ice Elementalist began the quest for the
                  | Orb.
     0 | D:1      | Reached XP level 1. HP: 13/13 MP: 3/3
   386 | D:1      | Reached XP level 2. HP: 19/19 MP: 3/5
   460 | D:1      | Reached skill level 5 in Ice Magic
  1593 | D:2      | Reached XP level 3. HP: 16/24 MP: 6/6
  1597 | D:2      | Learned a level 3 spell: Frozen Ramparts
  2202 | D:2      | Found an opulent altar of Gozag.
  2425 | D:2      | Became a worshipper of Gozag Ym Sagoz the Greedy
  2479 | D:2      | Found a faded altar of an unknown god.
  3054 | D:2      | Found a runed translucent door.
  3055 | D:2      | Noticed Crazy Yiuf
  3062 | D:2      | Killed Crazy Yiuf
  3063 | D:2      | Reached XP level 4. HP: 30/30 MP: 1/7
  3131 | D:2      | Learned a level 3 spell: Ozocubu's Armour
  3742 | D:3      | Found a radiant altar of Vehumet.
  3742 | D:3      | Noticed a charred statue
  4575 | D:4      | Reached XP level 5. HP: 35/35 MP: 4/8
  5399 | D:4      | Reached skill level 1 in Fighting
  5428 | D:4      | Noticed a wyvern
  5436 | D:4      | Killed a wyvern
  5437 | D:4      | Reached XP level 6. HP: 30/44 MP: 2/9
  5802 | D:4      | Reached skill level 1 in Polearms
  6541 | D:5      | Entered Level 5 of the Dungeon
  6640 | D:5      | Reached XP level 7. HP: 48/50 MP: 4/11
  6641 | D:5      | Reached skill level 2 in Polearms
  6664 | D:5      | Reached skill level 3 in Polearms
  6790 | D:5      | Learned a level 4 spell: Hailstorm
  6873 | D:5      | Reached skill level 4 in Polearms
  6873 | D:5      | Reached skill level 1 in Conjurations
  6873 | D:5      | Reached XP level 8. HP: 51/58 MP: 3/12
  7162 | D:5      | Noticed a two-headed ogre
  7182 | D:5      | Reached skill level 5 in Dodging
  7390 | D:5      | Reached skill level 5 in Polearms
  7448 | D:5      | Killed a two-headed ogre
  7449 | D:5      | Reached skill level 6 in Polearms
  7449 | D:5      | Reached XP level 9. HP: 35/65 MP: 4/14
  7655 | D:5      | Reached skill level 7 in Polearms
  8275 | D:5      | Noticed Pikel
  8310 | D:5      | Killed Pikel
  8311 | D:5      | Reached skill level 8 in Polearms
  8995 | D:5      | Reached skill level 5 in Fighting
  9368 | D:6      | Noticed Menkaure
  9373 | D:6      | Killed Menkaure
  9727 | D:6      | Identified the +10 hunting sling of Wyrd {venom, Str+4}
  9753 | D:6      | Reached skill level 9 in Polearms
 10244 | D:6      | Found a snail-covered altar of Cheibriados.
 10262 | D:6      | Reached XP level 10. HP: 74/74 MP: 11/15
 10552 | D:6      | Noticed Prince Ribbit
 10560 | D:6      | Killed Prince Ribbit
 10935 | D:6      | Found a burning altar of Makhleb.
 11064 | D:6      | Found a bloodstained altar of Trog.
 11066 | D:6      | Found a basalt altar of Yredelemnul.
 11066 | D:6      | Found an opulent altar of Gozag.
 11303 | D:7      | Reached skill level 10 in Polearms
 12060 | D:7      | Found Ejap's Distillery.
 12116 | D:7      | Found a staircase to the Ecumenical Temple.
 12408 | D:7      | Bought a potion of resistance for 120 gold pieces
 12408 | D:7      | Bought a potion of heal wounds for 60 gold pieces
 12408 | D:7      | Bought 2 potions of heal wounds for 120 gold pieces
 12408 | D:7      | Bought a potion of heal wounds for 60 gold pieces
 12543 | D:7      | Identified the +7 ring mail of Ipapnun {rElec SInv}
 12998 | D:7      | Reached skill level 11 in Polearms
 13112 | D:8      | Noticed Maggie
 13130 | D:8      | Killed Maggie
 13590 | D:8      | Found a viscous altar of Jiyva.
 13600 | D:8      | Reached skill level 1 in Armour
 13615 | D:8      | Noticed Psyche
 13624 | D:8      | Paralysed by something for 2 turns
 13626 | D:8      | Killed Psyche
 13809 | D:8      | Noticed Harold
 13818 | D:8      | Killed Harold
 13819 | D:8      | Reached XP level 11. HP: 69/83 MP: 7/16
 14388 | D:8      | Noticed Maurice
 14398 | D:8      | Killed Maurice
 14502 | D:9      | Reached skill level 12 in Polearms
 15086 | D:9      | Learned a level 2 spell: Poisonous Vapours
 16595 | D:10     | Entered Level 10 of the Dungeon
 16608 | D:10     | Reached skill level 10 in Ice Magic
 16777 | D:10     | Noticed a two-headed ogre
 16780 | D:10     | Noticed a sun demon
 16784 | D:10     | Noticed a sixfirhy
 16786 | D:10     | Killed a two-headed ogre
 16787 | D:10     | Reached skill level 5 in Conjurations
 16787 | D:10     | Reached skill level 1 in Poison Magic
 17039 | D:10     | Found a staircase to the Lair.
 17045 | D:10     | Noticed a death yak
 17064 | D:10     | Killed a death yak
 17065 | D:10     | Noticed a death yak
 17356 | D:10     | Noticed an orc knight
 17373 | D:10     | Slain by an orc knight

Illustrated notes

Levels and vault maps discovered:
D:1:      saegor_arrival_simple_a, layout_basic
D:2:      layout_loops_ring, basic_altar,
          chequers_ecumenical_altar_simple_redux, cheibrodos_gnoll_hut,
          uniq_crazy_yiuf_cottage
D:3:      layout_loops_cross, vehumet_statue, minmay_misc_feat_cross,
          lemuel_old_faithful
D:4:      layout_basic, kennysheep_generic_room_8
D:5:      minmay_chambers_of_threes, layout_basic,
          eino_small_chamber_without_monster, uniq_pikel
D:6:      layout_basic, cheibrodos_worm_habitat, nicolae_overflow_hidden_temple,
          minmay_holes, uniq_prince_ribbit1, uniq_menkaure
D:7:      layout_loops_cross, minmay_temple_entry_overgrown, serial_shops,
          shop_statue, palyth_stone_intersect, grunt_livestock
D:8:      layout_loops_ring, jiyva_altar_1, uniq_psyche, uniq_maggie,
          uniq_harold, uniq_maurice
D:9:      layout_cross
D:10:     layout_basic, dpeg_lair_monsters, corner_web_ring,
          nicolae_shop_unique_rings, grunt_ministairs_6, st_stairs_7,
          evilmike_butchery

Skill      XL: |  1  2  3  4  5  6  7  8  9 10 11 |
---------------+----------------------------------+-----
Ice Magic      | 5 6 7 8 9 10 | 10.2
Dodging        | 3 4 6 7 8 9 |  9.4
Fighting       | 1 2 3 4 5 6 7 |  7.3
Stealth        | 3 4 |  4.3
Polearms       | 1 4 6 9 11 12 | 12.9
Spellcasting   | 3 |  3.3
Conjurations   | 1 2 3 4 5 |  5.2
Armour         | 1 2 |  2.8
Poison Magic   | 2 |  2.0

Action                   |  1- 3 |  4- 6 |  7- 9 | 10-12 || total
-------------------------+-------+-------+-------+-------++-------
Melee: Unarmed           |     3 |       |       |       ||     3
       Short sword       |    17 |     6 |       |       ||    23
       Spear             |       |    36 |       |       ||    36
       Punch             |       |     1 |       |       ||     1
       Halberd           |       |    10 |    35 |       ||    45
       Bardiche          |       |       |    96 |   178 ||   274
Throw: Dart              |       |       |     8 |       ||     8
 Cast: Freeze            |    47 |     5 |     7 |     5 ||    64
       Frozen Ramparts   |     5 |    18 |    20 |    33 ||    76
       Ozocubu's Armour  |       |     4 |     8 |    15 ||    27
       Hailstorm         |       |       |     1 |     5 ||     6
Invok: Potion Petition   |       |       |     1 |       ||     1
Evoke: Wand              |       |       |       |     3 ||     3
  Use: Scroll            |     3 |     5 |     7 |     5 ||    20
 Stab: Sleeping          |     2 |     3 |     5 |     2 ||    12
       Distracted        |       |       |     1 |       ||     1
Armor: Robe              |     9 |    14 |    64 |    24 ||   111
       Swamp dragon scal |       |       |       |    70 ||    70
       Ring mail         |       |       |       |     3 ||     3
Dodge: Dodged            |    52 |    48 |   194 |   126 ||   420
